 Dungeon Crawl Stone Soup version 0.32-a0-791-gfc315c9ecd (webtiles) character file.

Game seed: 466625655733330659

15409 jasper the Severer (level 12, -21/113 HPs)
             Began as a Minotaur Berserker on Mar 19, 2024.
             Was a High Priest of Trog.
             Demolished by a minotaur
             ... wielding the +8 quick blade "Gimble" {protect}
              (27 damage)
             ... in a Gauntlet on Mar 20, 2024.
             The game lasted 00:18:43 (10033 turns).

jasper the Severer (Minotaur Berserker)            Turns: 10033, Time: 00:18:44

Health: -21/113    AC: 26    Str: 27    XL:     12   Next: 1%
Magic:  3/3        EV: 12    Int:  4    God:    Trog [*****.]
Gold:   652        SH:  0    Dex: 10    Spells: 11/11 levels left

rFire   + . .        a - +5 battleaxe (antimagic)
rCold   . . .        (shield currently unavailable)
rNeg    . . .        G - +1 plate armour of Rotini {-Cast Rampage rPois SInv}
rPois   +            (helmet restricted)
rElec   +            d - +2 cloak {Stlth+}
rCorr   .            x - +0 pair of gloves
SInv    +            W - +3 pair of seven-league boots {Rampage+∞}
Will    +++..        m - amulet of regeneration Stlth
                     l - +5 ring of evasion
HPRegen 2.18/turn    c - ring of Zoikar {+Blink rElec rPois rF+ Will+}
MPRegen 0.08/turn

%: no teleportation, no spellcasting, rampage+∞
@: strong-willed, regenerating
A: horns 2, retaliatory headbutt
a: Renounce Religion, Evoke Blink, Berserk, Trog's Hand, Brothers in Arms


You were in a Gauntlet.
You worshipped Trog.
Trog was extremely pleased with you.
You visited 1 branch of the dungeon, and saw 11 of its levels.
You also visited: Bailey and Gauntlet.

You collected 652 gold pieces.

Inventory:

Hand Weapons
 a - a +5 antimagic battleaxe (weapon)
 s - a +0 broad axe
 S - a -3 executioner's axe
 T - a +3 lajatang of flaming
Missiles
 f - 5 throwing nets
 p - 129 stones (quivered)
 y - 16 poisoned darts
 I - 7 javelins
 Q - 2 boomerangs
Armour
 d - a +2 cloak of stealth (worn)
 x - a +0 pair of gloves (worn)
 G - the +1 plate armour of Rotini (worn) {-Cast Rampage rPois SInv}
   (You found it on level 5 of the Dungeon)

   rPois:     It protects you from poison.
   SInv:      It lets you see invisible.
   -Cast:     It prevents spellcasting.
   Rampage:   It bestows one free step when moving towards enemies.
 V - the quicksilver dragon scales "Vubrurap" {rF+ rC- Will+ rCorr}
   (You took it off a spriggan in a bailey)

   rF+:       It protects you from fire.
   rC-:       It makes you vulnerable to cold.
   Will+:     It increases your willpower.
   rCorr:     It protects you from acid and corrosion.
 W - the +3 pair of seven-league boots (worn) {Rampage+∞}
   (You acquired it in a bailey)

   Rampage+∞: When moving toward enemies, its wearer moves as far as possible,
   alerting their target en route.
Jewellery
 b - a ring of willpower
 c - the ring of Zoikar (right hand) {+Blink rElec rPois rF+ Will+}
   (You found it in a Gauntlet)

   [ring of poison resistance]

   rF+:       It protects you from fire.
   rElec:     It insulates you from electricity.
   rPois:     It protects you from poison.
   Will+:     It increases your willpower.
   +Blink:    It lets you blink.
 k - a ring of fire
 l - a +5 ring of evasion (left hand)
 m - an amulet of regeneration (around neck)
 C - a ring of poison resistance
 J - a ring of positive energy
 Y - a ring of flight
Wands
 A - a wand of flame (9)
 N - a wand of acid (11)
 Z - a wand of iceblast (12)
Scrolls
 i - 4 scrolls of immolation
 n - 3 scrolls of enchant armour
 q - a scroll of enchant weapon
 u - 2 scrolls of torment
 z - a scroll of brand weapon
 B - 7 scrolls of teleportation
 E - 2 scrolls of fear
 O - a scroll of noise
 P - a scroll of vulnerability
 U - 2 scrolls of butterflies
Potions
 e - a potion of experience
 g - 7 potions of curing
 h - 4 potions of heal wounds
 j - 5 potions of brilliance
 o - a potion of enlightenment
 r - 3 potions of attraction
 v - a potion of mutation
 D - a potion of might
 F - 2 potions of invisibility {unknown}
 H - a potion of berserk rage {unknown}
 K - 2 potions of lignification {unknown}
 L - a potion of resistance {unknown}
 M - a potion of magic {unknown}
 R - a potion of ambrosia {unknown}
 X - 2 potions of cancellation {unknown}


   Skills:
 + Level 12.9 Fighting
 * Level 15.7 Axes
 + Level 12.6 Armour
 - Level 2.1 Dodging


You had 11 spell levels left.
You didn't know any spells.
Your spell library was empty.

Dungeon Overview and Level Annotations

Branches:
Dungeon (11/15)            Temple (0/1) D:4            Lair (0/5) D:9
    Orc (0/2) D:11         Bailey (visited)         Gauntlet (1/1)

Altars:
Cheibriados
Fedhas
Okawaru
Trog
Uskayaw

Shops:
D:9 :

Annotations:
Gauntlet 8 transporters


Innate Abilities, Weirdness & Mutations

You have a pair of horns on your head.
You reflexively headbutt those who attack you in melee.


Message History

You are no longer poisoned.
HP restored.
The green death roars!
X - 2 golden potions (gained 1)
You now have 652 gold pieces (gained 17).
You see here a +2 cloak of stealth.
Health restored: 113
d - a +2 cloak of stealth You start putting on your armour.
You continue putting on your +2 cloak of stealth. x4
You finish putting on your +2 cloak of stealth.
You feel stealthy.
There is a transporter here.
You enter the transporter and appear at another place.
You open the door.
A minotaur comes into view.
It is wielding the +8 longbow "Zephyr" {speed, Dex+3 SInv} and quivering silver javelins.
The minotaur bellows!
The minotaur throws a silver javelin.
The silver javelin pierces through you!
Found four items.
You take 8 damage, and have 105/113 hp.
You stride towards the minotaur!
Found a gate leading back out of this place.
You slash the minotaur! You headbutt the minotaur!
The minotaur is moderately wounded.
The minotaur unwields the +8 longbow "Zephyr" {speed, Dex+3 SInv}.
The minotaur wields the +8 pair of quick blades "Gyre" and "Gimble" {protect}.
The minotaur hits you with the +8 quick blade "Gyre".
The minotaur hits you with the +8 quick blade "Gimble".
The minotaur hits you with the +8 quick blade "Gyre"!
The minotaur hits you with the +8 quick blade "Gimble"!
The minotaur gores you but does no damage.
You take 31 damage, and have 74/113 hp.
MASSIVE DAMAGE!!
Your skin crawls.
You feel strong-willed.
The minotaur hits you with the +8 quick blade "Gyre"!!
The minotaur hits you with the +8 quick blade "Gimble"!
* * * LOW HITPOINT WARNING * * *
The minotaur hits you with the +8 quick blade "Gyre"!!
* * * LOW HITPOINT WARNING * * *
The minotaur hits you with the +8 quick blade "Gimble"!!
You die...

##### #ß∩ß# #=.[# #ß.ß#
####=.[#### ###ß.#ß.ß#.ß###
#....#.H.#....# #.#..#ß@ß#..#.#
#.#..##'##..#.# #.............#
#.#.##.#.##.#.# #.#....#....#.#
#.#.#######.#.# #.............#
##...©.©.©...##
############..ß.ß.ß..############


You could see a minotaur.

Vanquished Creatures
  A green death (Gauntlet)
  Fannar (D:11)
  A two-headed ogre (Bailey)
  An obsidian statue (Gauntlet)
  The ghost of MadMike78 the Arsonist, a novice MDFE of Jiyva (D:5)
  A gargoyle (D:10)
  2 orange demons (Gauntlet)
  A troll (D:10)
  A hornet (D:9)
  Sigmund (D:2)
  2 vampires (D:11)
  6 spriggans (Bailey)
  3 wyverns
  18 yaks
  A warg (D:11)
  3 vampire mosquitoes (D:8)
  2 steam dragons
  Grum (D:8)
  Menkaure (D:4)
  4 orc warriors
  A sky beast (D:8)
  2 ice beasts
  5 black bears
  8 ogres
  3 centaurs
  2 phantoms (D:5)
  4 wolves (D:8)
  A kobold brigand (D:7)
  Blork the orc (D:4)
  5 bullfrogs
  A water moccasin zombie (D:5)
  9 scorpions
  3 wights (D:10)
  12 killer bees
  A howler monkey (D:5)
  4 jellies
  2 bombardier beetles (D:5)
  3 hounds
  4 orc priests
  3 gnoll boudas
  4 bullfrog skeletons (D:5)
  2 sleepcaps (D:5)
  Jessica (D:2)
  6 iguanas
  Natasha (thrice) (D:2)
  A scorpion zombie (D:5)
  12 orc wizards
  3 hound zombies (D:5)
  A hound skeleton (D:5)
  2 howler monkey zombies (D:5)
  Robin (D:4)
  22 gnolls
  8 adders
  3 river rats (D:9)
  3 shadow imps
  3 white imps
  2 adder zombies (D:5)
  3 dart slugs
  A ribbon worm (D:5)
  31 orcs
  7 endoplasms
  4 giant cockroaches
  19 goblins
  14 hobgoblins
  4 jackals
  8 quokkas
  7 ball pythons
  12 bats
  A frilled lizard (D:2)
  11 kobolds
  2 rats (D:2)
327 creatures vanquished.

Vanquished Creatures (others)
  2 orcs (D:11)
2 creatures vanquished.

Grand Total: 329 creatures vanquished

Notes
Turn   | Place    | Note
-------+----------+-------------------------------------------
     0 | D:1      | jasper the Minotaur Berserker began the quest for the Orb.
     0 | D:1      | Reached XP level 1. HP: 19/19 MP: 0/0
    82 | D:1      | You fall into a shaft and drop 1 floor!
    99 | D:2      | Noticed Sigmund
   102 | D:2      | Killed Sigmund
   103 | D:2      | Reached skill level 7 in Axes
   103 | D:2      | Reached XP level 2. HP: 23/26 MP: 1/1
   103 | D:2      | Reached XP level 3. HP: 28/31 MP: 2/2
   103 | D:2      | Reached XP level 4. HP: 35/39 MP: 3/3
   103 | D:2      | Reached XP level 5. HP: 41/45 MP: 4/4
   161 | D:2      | Noticed Natasha
   164 | D:2      | Killed Natasha
   202 | D:2      | Noticed Natasha
   210 | D:2      | Killed Natasha
   407 | D:2      | Reached skill level 8 in Axes
   581 | D:2      | Noticed Natasha
   586 | D:2      | Reached XP level 6. HP: 47/51 MP: 5/5
   591 | D:2      | Killed Natasha
   768 | D:2      | Noticed Jessica
   776 | D:2      | Killed Jessica
  1017 | D:1      | Reached ** piety under Trog
  1235 | D:1      | Found a faded altar of an unknown god.
  1927 | D:3      | Found a blossoming altar of Fedhas.
  2248 | D:4      | Reached skill level 9 in Axes
  2262 | D:4      | Reached *** piety under Trog
  2400 | D:4      | Reached XP level 7. HP: 49/57 MP: 6/6
  2490 | D:4      | Found a staircase to the Ecumenical Temple.
  2510 | D:4      | Noticed Robin
  2525 | D:4      | Killed Robin
  2629 | D:4      | Reached skill level 10 in Axes
  2870 | D:4      | Noticed Blork the orc
  2878 | D:4      | Killed Blork the orc
  3041 | D:4      | Noticed Menkaure
  3055 | D:4      | Killed Menkaure
  3193 | D:5      | Entered Level 5 of the Dungeon
  3193 | D:5      | Noticed MadMike78's ghost (novice MDFE)
  3193 | D:5      | Found a runed translucent gate.
  3193 | D:5      | Found a runed translucent gate.
  3193 | D:5      | Found a runed translucent gate.
  3201 | D:5      | Reached skill level 11 in Axes
  3203 | D:5      | Reached XP level 8. HP: 60/67 MP: 7/7
  3216 | D:5      | Killed MadMike78's ghost
  3217 | D:5      | Reached skill level 5 in Fighting
  3506 | D:5      | Reached skill level 12 in Axes
  3529 | D:5      | Reached skill level 5 in Armour
  3769 | D:5      | Reached XP level 9. HP: 75/75 MP: 8/8
  3777 | D:5      | Reached **** piety under Trog
  4037 | D:5      | Reached skill level 13 in Axes
  4520 | D:5      | Identified the +1 plate armour of Rotini {-Cast Rampage
                  | rPois SInv}
  4773 | D:6      | Found an iron altar of Okawaru.
  4781 | D:6      | Reached ***** piety under Trog
  5121 | D:6      | Found a bloodstained altar of Trog.
  5765 | D:7      | Reached skill level 14 in Axes
  5928 | D:7      | Reached XP level 10. HP: 85/88 MP: 9/9
  6099 | D:8      | Noticed Grum
  6114 | D:8      | Received a gift from Trog
  6116 | D:8      | Killed Grum
  6230 | D:8      | Found a flagged portal.
  6247 | D:8      | Reached skill level 10 in Fighting
  6260 | D:8      | Reached skill level 10 in Armour
  6297 | Bailey   | Entered a bailey
  6438 | Bailey   | Identified the quicksilver dragon scales "Vubrurap" {rF+
                  | rC- Will+ rCorr}
  6508 | Bailey   | Reached XP level 11. HP: 62/102 MP: 10/10
  6542 | Bailey   | Noticed a two-headed ogre
  6554 | Bailey   | Killed a two-headed ogre
  6611 | Bailey   | Identified a scroll of acquirement
  6611 | Bailey   | Acquired the +3 pair of seven-league boots {Rampage+∞}
  6611 | Bailey   | Found the +3 pair of seven-league boots {Rampage+∞}
  6936 | D:8      | Upgraded the game from 0.32-a0-779-g362cfcae2a to
                  | 0.32-a0-791-gfc315c9ecd
  7988 | D:9      | Found a staircase to the Lair.
  8055 | D:9      | Found Buicig's Book Boutique.
  8400 | D:10     | Entered Level 10 of the Dungeon
  8734 | D:10     | Received a gift from Trog
  8909 | D:10     | Found a hide-covered altar of Uskayaw.
  9126 | D:10     | Found a snail-covered altar of Cheibriados.
  9400 | D:10     | Reached skill level 15 in Axes
  9612 | D:11     | Noticed Fannar
  9623 | D:11     | Killed Fannar
  9626 | D:11     | Found a staircase to the Orcish Mines.
  9662 | D:11     | Found a gate leading to a gauntlet.
  9672 | Gauntlet | Entered a Gauntlet
  9672 | Gauntlet | Found a transporter.
  9678 | Gauntlet | Noticed a glowing orange brain
  9681 | Gauntlet | Found a transporter.
  9681 | Gauntlet | Noticed a glowing orange brain
  9682 | Gauntlet | Found a transporter.
  9686 | Gauntlet | Found a transporter.
  9687 | Gauntlet | Found a transporter.
  9688 | Gauntlet | Noticed a great orb of eyes
  9688 | Gauntlet | Noticed a purple ugly thing
  9689 | Gauntlet | Found a transporter.
  9690 | Gauntlet | Noticed an obsidian statue
  9692 | Gauntlet | Noticed a red ugly thing
  9693 | Gauntlet | Noticed a cyan ugly thing
  9701 | Gauntlet | Found a transporter.
  9703 | Gauntlet | Found a transporter.
  9703 | Gauntlet | Noticed a green death
  9713 | Gauntlet | Noticed a green death
  9714 | Gauntlet | Found a transporter.
  9740 | Gauntlet | Noticed an arcanist
  9742 | Gauntlet | Found a transporter.
  9742 | Gauntlet | Found a transporter.
  9743 | Gauntlet | Noticed an occultist
  9747 | Gauntlet | Found a transporter.
  9883 | Gauntlet | Identified the ring of Zoikar {+Blink rElec rPois rF+
                  | Will+}
  9889 | Gauntlet | Killed an obsidian statue
  9946 | Gauntlet | Killed a green death
  9947 | Gauntlet | Reached XP level 12. HP: 77/113 MP: 3/11
 10031 | Gauntlet | Noticed a minotaur
 10033 | Gauntlet | Demolished by a minotaur

Illustrated notes

Levels and vault maps discovered:
D:1:      psy_arrival_terrarium, layout_rooms,
          hellmonk_ecumenical_altar_pennies_from_heaven, serial_bayou_crossing
D:2:      layout_loops_ring, minmay_cut_off, uniq_natasha, uniq_sigmund,
          uniq_jessica
D:3:      layout_basic, fedhas_altar_1
D:4:      layout_gridville, minmay_temple_entry_grid, uniq_robin, uniq_menkaure,
          uniq_blork_the_orc
D:5:      layout_layer_cave, serial_undead, serial_undead_e, serial_undead_e,
          serial_undead_a, serial_undead_b, serial_undead_a,
          ebering_ghost_rock_garden, nzn_random_ring
D:6:      layout_basic, okawaru_metal_pillars_1_2, trog_hazing_becter
D:7:      old_forge, layout_gridville
D:8:      layout_basic, serial_glass, glass_columns_c, glass_columns_b,
          enter_bailey_2, uniq_grum
D:9:      layout_layer_cave, dpeg_lair_monsters, serial_shops, shop
D:10:     layout_roguey, mainiacjoe_overflow_paths,
          nicolae_overflow_hidden_temple, minmay_hedge_maze,
          minmay_tree_intersection
D:11:     layout_gridville, david_orc_3, gammafunk_ghost_arena,
          gauntlet_entry_generic, uniq_fannar
Gauntlet: minmay_gauntlet_mixed_oops_all_seconds
          [minmay_gauntlet_arena_77_squiggly, gammafunk_gauntlet_arena_split_x,
          minmay_gauntlet_arena_77_museum, nicolae_gauntlet_arena_t_cross,
          minmay_gauntlet_arena_77_two_lines, gammafunk_gauntlet_arena_mazey,
          nicolae_gauntlet_exit_dead_adventurers]

Skill      XL: |  1  2  3  4  5  6  7  8  9 10 11 |
---------------+----------------------------------+-----
Axes           | 7 8 9 11 12 14 15 | 15.7
Fighting       | 4 6 8 11 12 | 12.9
Armour         | 3 5 7 10 12 | 12.6
Dodging        | |  2.1

Action                     |  1- 3 |  4- 6 |  7- 9 | 10-12 || total
---------------------------+-------+-------+-------+-------++-------
  Melee: Hand axe          |     3 |   172 |       |       ||   175
         Headbutt          |     1 |    23 |    34 |    62 ||   120
         Broad axe         |       |       |   244 |   250 ||   494
         Battleaxe         |       |       |       |    54 ||    54
  Throw: Stone             |       |       |       |     4 ||     4
         Throwing net      |       |       |       |     2 ||     2
 Invoke: Berserk           |     1 |     1 |     3 |       ||     5
         Trog's Hand       |       |       |     2 |     4 ||     6
    Use: Scroll            |       |    15 |     6 |     3 ||    24
 Armour: Leather armour    |     2 |    56 |       |       ||    58
         Scale mail        |       |    23 |       |       ||    23
         Plate armour      |       |     7 |   204 |   253 ||   464
         Quicksilver drago |       |       |       |     2 ||     2
  Dodge: Dodged            |     2 |   101 |   204 |   202 ||   509

Table legend: (Time is in decaauts)
 A = Elapsed time spent in this place.
 B = Non-inter-level travel time spent in this place.
 C = Inter-level travel time spent in this place.
 D = Time resting spent in this place.
 E = Time spent auto-exploring this place.
 F = Levels seen in this place.
 G = Mean time per level.
                   A        B        C        D        E       F      G
               +--------+--------+--------+--------+--------+-----+--------+
         Total |  10046 |   9656 |    390 |   1334 |   6248 |  13 |  772.8 |
       Dungeon |   9315 |   8925 |    390 |   1234 |   5900 |  11 |  846.8 |
        Bailey |    372 |    372 |      0 |    100 |    116 |   1 |  372.0 |
      Gauntlet |    358 |    358 |      0 |      0 |    231 |   1 |  358.0 |
               +--------+--------+--------+--------+--------+-----+--------+

Top non-repeatable levels by time:
     D:5: 1528 daAuts
     D:9: 1493 daAuts
     D:2: 1094 daAuts
    D:10: 1035 daAuts
     D:4: 996 daAuts
     D:6: 731 daAuts
     D:7: 648 daAuts
     D:3: 580 daAuts
     D:1: 554 daAuts
     D:8: 471 daAuts
  Bailey: 372 daAuts
Gauntlet: 358 daAuts
    D:11: 181 daAuts
